 Dungeon Crawl Stone Soup version 0.29-a0-323-g050149af67 (webtiles) character file.

Game seed: 5318065200952794826

68700 Zonian the Thaumaturge (level 15, -1/115 HPs)
             Began as a Gnoll Ice Elementalist on Apr 10, 2022.
             Was the Champion of Cheibriados.
             Shot with an arrow by Nessos (18 damage)
             ... on level 13 of the Dungeon.
             The game lasted 01:11:19 (22440 turns).

Zonian the Thaumaturge (Gnoll Ice Elementalist)    Turns: 22440, Time: 01:11:29

Health: -1/115     AC: 13    Str: 25    XL:     15   Next: 27%
Magic:  30/30      EV: 28    Int: 38    God:    Cheibriados [******]
Gold:   1610       SH:  0    Dex: 30    Spells: 10/36 levels left

rFire   . . .      SeeInvis +   i - +10 broad axe "Death Rattle" {elec, Int+6}
rCold   . . .      Faith    .   (no shield)
rNeg    . . .      Spirit   .   B - +1 steam dragon scales
rPois   .          Reflect  .   W - +1 helmet {SInv}
rElec   .          Harm     .   P - +1 cloak
rCorr   .          Rampage  .   (no gloves)
Will    +....                   (no boots)
Stlth   ++++++....              s - amulet of regeneration
HPRegen 1.09/turn               d - +4 ring of evasion
MPRegen 0.22/turn               y - +4 ring of slaying

@: lethally poisoned (-1 -> -3), very slow
A: fangs 1, strong nose, distributed training
a: Renounce Religion, Bend Time, Temporal Distortion, Slouch, Step From Time


You were on level 13 of the Dungeon.
You worshipped Cheibriados.
Cheibriados was exalted by your worship.
You visited 3 branches of the dungeon, and saw 20 of its levels.
You also visited: Ossuary.

You collected 1745 gold pieces.
You spent 135 gold pieces at shops.

Inventory:

Hand Weapons
 f - a +2 vorpal war axe
 i - the +10 broad axe "Death Rattle" (weapon) {elec, Int+6}
   (You acquired it on level 5 of the Dungeon)

   It occasionally discharges a powerful burst of electricity upon striking a
   foe.
   Int:       It affects your intelligence (+6).
 n - a +3 dagger of draining
 o - a +3 whip of venom
 u - the +6 long sword of Reinforcement {holy, rCorr Int+2 SInv}
   (You took it off a kobold on level 3 of the Dungeon)

   It has been blessed by the Shining One to cause great damage to the undead
   and demons.
   Int:       It affects your intelligence (+2).
   SInv:      It lets you see invisible.
   rCorr:     It protects you from acid and corrosion.
 D - a +2 dagger of venom
Missiles
 e - 12 javelins
 K - 5 curare-tipped darts
Armour
 a - a +1 robe
 q - a scarf of invisibility
 B - +1 steam dragon scales (worn)
 P - a +1 cloak (worn)
 T - a scarf of invisibility
 W - a +1 helmet of see invisible (worn)
Magical Staves
 F - a staff of cold
Jewellery
 d - a +4 ring of evasion (left hand)
 s - an amulet of regeneration (around neck)
 v - a +4 ring of protection
 y - a +4 ring of slaying (right hand)
 A - a +4 ring of protection
 E - an amulet of magic regeneration
Wands
 l - a wand of iceblast (3)
 t - a wand of charming (11)
 z - a wand of digging (5)
 C - a wand of polymorph (4)
 G - a wand of paralysis (9)
 J - a wand of flame (4)
Scrolls
 h - 4 scrolls of holy word
 k - 4 scrolls of fear
 m - 3 scrolls of teleportation
 p - a scroll of fog
 r - 3 scrolls of magic mapping
 H - 2 scrolls of enchant weapon
 L - 11 scrolls of identify
 N - a scroll of blinking
 Q - 2 scrolls of silence
Potions
 b - 2 potions of magic
 c - 11 potions of curing
 g - 2 potions of flight
 j - 9 potions of lignification
 w - 2 potions of resistance
 x - 6 potions of brilliance
 I - a potion of might
 M - a potion of invisibility
 R - 2 potions of heal wounds
 S - a potion of ambrosia
 U - 4 potions of cancellation
 V - a potion of berserk rage {unknown}
Miscellaneous
 O - a phantom mirror
 X - a tin of tremorstones (2/2)


   Skills:
 + Level 10.0 Fighting
 + Level 10.0 Short Blades
 + Level 10.0 Long Blades
 + Level 10.0 Axes
 + Level 10.0 Maces & Flails
 + Level 10.0 Polearms
 + Level 10.0 Staves
 + Level 10.0 Slings
 + Level 10.0 Bows
 + Level 10.0 Crossbows
 + Level 10.0 Throwing
 + Level 10.0 Armour
 + Level 11.0 Dodging
 + Level 10.8 Stealth
 + Level 10.0 Shields
 + Level 10.0 Unarmed Combat
 + Level 11.1 Spellcasting
 + Level 8.3 Conjurations
 + Level 8.3 Hexes
 + Level 8.3 Summonings
 + Level 8.3 Necromancy
 + Level 8.3 Translocations
 + Level 8.3 Transmutations
 + Level 8.3 Fire Magic
 + Level 11.0 Ice Magic
 + Level 8.3 Air Magic
 + Level 8.3 Earth Magic
 + Level 8.3 Poison Magic
 + Level 10.8 Invocations
 + Level 10.0 Evocations


You had 10 spell levels left.
You knew the following spells:

 Your Spells              Type           Power      Damage    Failure   Level
a - Freeze                Ice            100%       1d11      1%          1
b - Frozen Ramparts       Ice            100%       1d12      1%          3
c - Ozocubu's Armour      Ice            81%        N/A       1%          3
d - Hailstorm             Conj/Ice       76%        3d16      1%          4
e - Confusing Touch       Hex            71%        N/A       1%          3
f - Wereblood             Tmut           71%        N/A       1%          2
g - Anguish               Hex/Necr       35%        N/A       1%          4
h - Dispersal             Tloc           35%        N/A       9%          6

Your spell library contained the following spells:

 Spells                   Type           Power      Damage    Failure   Level
 Beastly Appendage        Tmut           100%       N/A       1%          1
 Pain                     Necr           100%       1d9       1%          1
 Slow                     Hex            100%       N/A       1%          1
 Ensorcelled Hibernation  Hex/Ice        100%       N/A       1%          2
 Passwall                 Tmut/Erth      59%        N/A       1%          2
 Sublimation of Blood     Necr           71%        N/A       1%          2
 Conjure Flame            Conj/Fire      71%        6-21      1%          3
 Gell's Gravitas          Tloc           71%        N/A       1%          3
 Ignite Poison            Fire/Tmut/Pois 71%        N/A       1%          3
 Spider Form              Tmut/Pois      71%        N/A       1%          3
 Swiftness                Air            71%        N/A       1%          3
 Teleport Other           Tloc           71%        N/A       1%          3
 Tukima's Dance           Hex            71%        N/A       1%          3
 Vampiric Draining        Necr           71%        2d11      1%          3
 Passage of Golubria      Tloc           71%        N/A       1%          4
 Sticky Flame             Conj/Fire      71%        2d8       1%          4
 Summon Ice Beast         Ice/Summ       76%        N/A       1%          4
 Agony                    Necr           71%        N/A       1%          5
 Excruciating Wounds      Necr           35%        N/A       1%          5
 Silence                  Hex/Air        35%        N/A       1%          5
 Summon Mana Viper        Hex/Summ       71%        N/A       1%          5
 Yara's Violent Unravell  Hex/Tmut       35%        3d14      1%          5
 Ozocubu's Refrigeration  Ice            40%        4d13      17%         7
 Enfeeble                 Hex            35%        N/A       45%         7
 Monstrous Menagerie      Summ           35%        N/A       45%         7
 Summon Hydra             Summ           35%        N/A       45%         7
 Lehudib's Crystal Spear  Conj/Erth      35%        10d9      98%         8


Dungeon Overview and Level Annotations

Branches:
Dungeon (13/15)            Temple (1/1) D:6            Lair (6/6) D:9
 Shoals (0/4) Lair:2        Snake (0/4) Lair:4        Slime (0/5) Lair:5
    Orc (0/2) D:9          Vaults (0/5) D:13        Ossuary (visited)

Altars:
Ashenzari
Cheibriados
Dithmenos
Fedhas
Makhleb
Uskayaw
Vehumet
Wu Jian
Zin
Beogh
Jiyva

Shops:
D:1 =   D:5 *   D:8 !   D:10 (   D:13 [

Annotations:
D:6 exclusion: centaur
D:13 Nessos, Rupert


Innate Abilities, Weirdness & Mutations

You have very sharp teeth.
Your uncanny sense of smell can sniff out nearby items.
Your experience applies equally to all skills.


Message History

The slime creature hits you but does no damage.
The slime creature completely misses you.
A centaur warrior comes into view.
The slime creature misses you. x2
The centaur warrior shouts!
You slash the slime creature!
Lightning courses through the slime creature!
You kill the slime creature!
Cheibriados appreciates the change of pace.
You barely miss the slime creature.
Nessos gestures wildly while chanting.
Nessos seems to speed up.
The centaur warrior wields a +0 shortbow.
The centaur warrior shoots an arrow.
The arrow hits you.
Nessos mumbles some strange words.
Nessos blinks!
The slime creature hits you but does no damage.
Nessos shoots an arrow.
The arrow hits you! The arrow burns you!
Nessos shoots an arrow.
The arrow closely misses you.
The centaur warrior shoots an arrow.
The arrow closely misses you.
Nessos shoots an arrow.
The arrow hits you. The arrow burns you.
You are poisoned.
The centaur warrior shoots an arrow.
The arrow hits you!! The slime creature barely misses you.
Nessos gestures wildly while chanting.
Nessos blinks!
The centaur warrior shoots an arrow.
The arrow completely misses you.
Nessos stands on their hind legs for a moment.
Nessos gestures wildly while chanting.
Nessos blinks!
The slime creature completely misses you.
You hear a shout!
There is an escape hatch in the ceiling, spattered with blood here.
You feel sick.
Nessos shoots an arrow.
The arrow completely misses you.
The centaur warrior shoots an arrow.
The arrow hits you!!
* * * LOW HITPOINT WARNING * * *
The centaur warrior shoots an arrow.
The arrow hits you.
* * * LOW HITPOINT WARNING * * *
Nessos shoots an arrow.
The arrow hits you!!
You die...

............
..c..§.c...#####
#..........#...#
#..........#...#
#......?...#...#
#..........#)..#
...........#...#.......#
.....8.@.∩.8...#.......#
......J........#.......#
.##########.##'#.......#
#.............
#.............
#.............
#.............
######.....### #.....#..


You could see Nessos (fast), a slime creature and a centaur warrior.

Vanquished Creatures
  7 hydras
  A merfolk avatar (Lair:6)
  8 two-headed ogres
  7 death yaks
  A fire crab (Lair:6)
  A sea snake (Lair:6)
  Lodul (D:12)
  An orc knight (D:13)
  2 deep elf pyromancers
  2 ugly things
  A manticore (D:12)
  A cyclops (D:12)
  15 elephants
  A merfolk siren (Lair:2)
  5 black mambas
  2 torpor snails
  2 unseen horrors
  13 cane toads
  An anaconda simulacrum (Lair:2)
  15 komodo dragons
  A kobold demonologist (D:11)
  4 rime drakes
  10 polar bears
  3 trolls
  2 hornets
  2 slime creatures (D:13)
  32 blink frogs
  A snapping turtle (Lair:6)
  61 yaks
  2 shadows
  A vampire (D:10)
  3 humans (D:13)
  6 wyverns
  A wraith (D:8)
  4 basilisks
  4 steam dragons
  4 vampire mosquitoes (D:12)
  2 nagas (Lair:4)
  2 acid dragons
  13 water moccasins
  A hydra simulacrum (Lair:2)
  12 orc warriors
  A sky beast (D:6)
  10 ogres
  44 wolves
  2 black bears
  9 centaurs
  A phantom (D:5)
  3 kobold brigands
  11 bullfrogs
  A gnoll sergeant (D:9)
  2 necrophages
  6 scorpions
  2 cane toad simulacra (Lair:2)
  9 killer bees (D:8)
  3 howler monkeys
  A human zombie (Ossuary)
  4 hounds
  2 centaur zombies (Ossuary)
  2 gnoll shamans
  7 orc priests
  4 jellies
  Ijyb (D:5)
  2 iguanas
  6 orc wizards
  A yak simulacrum (Lair:2)
  A bullfrog simulacrum (Lair:2)
  2 mummies (Ossuary)
  15 gnolls
  9 adders
  A white imp (D:4)
  An adder zombie (Ossuary)
  A worm (D:1)
  4 dart slugs
  42 orcs
  6 ball pythons
  6 endoplasms
  6 hobgoblins
  6 jackals (D:1)
  17 kobolds
  2 quokkas
  4 bats
  8 frilled lizards
  6 goblins
  3 goblin zombies (Ossuary)
  8 hobgoblin zombies (Ossuary)
  3 jackal zombies (Ossuary)
  10 kobold zombies (Ossuary)
  8 orc zombies (Ossuary)
  4 rats (D:1)
  A rat zombie (Ossuary)
566 creatures vanquished.

Vanquished Creatures (others)
  A hornet (Lair:6)
  A human (D:13)
  An orc warrior (D:11)
  A wolf (Lair:6)
  An orc priest (D:11)
  32 fungi
  47 plants
84 creatures vanquished.

Grand Total: 650 creatures vanquished

Notes
Turn   | Place    | Note
-------+----------+-------------------------------------------
     0 | D:1      | Zonian the Gnoll Ice Elementalist began the quest for the
                  | Orb.
     0 | D:1      | Reached XP level 1. HP: 13/13 MP: 6/6
   299 | D:1      | Reached XP level 2. HP: 19/19 MP: 4/7
   697 | D:1      | Found Ethulim's Jewellery Shoppe.
   723 | D:1      | Reached XP level 3. HP: 25/25 MP: 3/9
   727 | D:1      | Learned a level 3 spell: Frozen Ramparts
   890 | D:1      | Reached skill level 5 in Spellcasting
  1288 | D:1      | Reached skill level 1 in Invocations
  1916 | D:2      | Reached skill level 1 in Fighting
  1916 | D:2      | Reached skill level 1 in Short Blades
  1916 | D:2      | Reached skill level 1 in Long Blades
  1916 | D:2      | Reached skill level 1 in Axes
  1916 | D:2      | Reached skill level 1 in Maces & Flails
  1916 | D:2      | Reached skill level 1 in Polearms
  1916 | D:2      | Reached skill level 1 in Staves
  1916 | D:2      | Reached skill level 1 in Slings
  1916 | D:2      | Reached skill level 1 in Bows
  1916 | D:2      | Reached skill level 1 in Crossbows
  1916 | D:2      | Reached skill level 1 in Throwing
  1916 | D:2      | Reached skill level 1 in Armour
  1916 | D:2      | Reached skill level 1 in Shields
  1916 | D:2      | Reached skill level 1 in Unarmed Combat
  1916 | D:2      | Reached skill level 1 in Evocations
  1919 | D:2      | Reached XP level 4. HP: 32/32 MP: 9/11
  2300 | D:2      | Reached skill level 1 in Conjurations
  2300 | D:2      | Reached skill level 1 in Hexes
  2300 | D:2      | Reached skill level 1 in Summonings
  2300 | D:2      | Reached skill level 1 in Necromancy
  2300 | D:2      | Reached skill level 1 in Translocations
  2300 | D:2      | Reached skill level 1 in Transmutations
  2300 | D:2      | Reached skill level 1 in Fire Magic
  2300 | D:2      | Reached skill level 1 in Air Magic
  2300 | D:2      | Reached skill level 1 in Earth Magic
  2300 | D:2      | Reached skill level 1 in Poison Magic
  2624 | D:3      | Found a faded altar of an unknown god.
  2693 | D:3      | Identified the +6 long sword of Reinforcement {holy, rCorr
                  | Int+2 SInv}
  2772 | D:3      | Found a faded altar of an unknown god.
  2775 | D:3      | Found a radiant altar of Vehumet.
  2949 | D:3      | You fall into a shaft and drop 1 floor!
  2961 | D:4      | Noticed a centaur
  2980 | D:4      | Reached XP level 5. HP: 33/37 MP: 12/12
  2999 | D:4      | Noticed an ogre
  3024 | D:4      | Killed an ogre
  3039 | D:4      | Reached XP level 6. HP: 35/44 MP: 13/13
  3112 | D:4      | Found a sand-covered staircase.
  3134 | Ossuary  | Entered an ossuary
  3139 | Ossuary  | Learned a level 3 spell: Ozocubu's Armour
  3252 | Ossuary  | Reached skill level 5 in Dodging
  3471 | D:4      | Reached XP level 7. HP: 36/50 MP: 15/15
  3929 | D:4      | Reached skill level 5 in Stealth
  4212 | D:5      | Entered Level 5 of the Dungeon
  4228 | D:5      | Identified a scroll of acquirement
  4228 | D:5      | Acquired the +10 broad axe "Death Rattle" {elec, Int+6}
  4287 | D:5      | Reached XP level 8. HP: 54/57 MP: 14/16
  4621 | D:5      | Noticed Ijyb
  4625 | D:5      | Killed Ijyb
  4999 | D:5      | Learned a level 4 spell: Hailstorm
  5066 | D:5      | Found Ates's General Store.
  5082 | D:5      | Bought a potion of heal wounds for 55 gold pieces
  5635 | D:6      | Found a staircase to the Ecumenical Temple.
  5654 | Temple   | Entered the Ecumenical Temple
  5771 | Temple   | Became a worshipper of Cheibriados the Contemplative
  7134 | D:7      | Reached XP level 9. HP: 58/65 MP: 18/18
  7164 | D:7      | Noticed a two-headed ogre
  7182 | D:7      | Killed a two-headed ogre
  7237 | D:7      | Learned a level 3 spell: Confusing Touch
  7354 | D:7      | Identified the +8 short sword "Qiyn Atu" {chaos, rN+}
  7684 | D:8      | Noticed a troll
  7731 | D:8      | Reached skill level 5 in Invocations
  7771 | D:8      | Reached * piety under Cheibriados
  7779 | D:8      | Reached XP level 10. HP: 48/73 MP: 1/20
  8100 | D:8      | Reached skill level 5 in Fighting
  8100 | D:8      | Reached skill level 5 in Short Blades
  8100 | D:8      | Reached skill level 5 in Long Blades
  8100 | D:8      | Reached skill level 5 in Axes
  8100 | D:8      | Reached skill level 5 in Maces & Flails
  8100 | D:8      | Reached skill level 5 in Polearms
  8100 | D:8      | Reached skill level 5 in Staves
  8100 | D:8      | Reached skill level 5 in Slings
  8100 | D:8      | Reached skill level 5 in Bows
  8100 | D:8      | Reached skill level 5 in Crossbows
  8100 | D:8      | Reached skill level 5 in Throwing
  8100 | D:8      | Reached skill level 5 in Armour
  8100 | D:8      | Reached skill level 5 in Shields
  8100 | D:8      | Reached skill level 5 in Unarmed Combat
  8100 | D:8      | Reached skill level 5 in Evocations
  8736 | D:8      | Found Lynadduc's Distillery.
  8741 | D:8      | Bought a potion of heal wounds for 50 gold pieces
  8741 | D:8      | Bought a potion of curing for 30 gold pieces
  9526 | D:9      | Reached ** piety under Cheibriados
  9781 | D:9      | Noticed a brown ugly thing
 10047 | D:9      | Found a staircase to the Orcish Mines.
 10479 | D:9      | Reached *** piety under Cheibriados
 10697 | D:9      | Found a staircase to the Lair.
 10823 | Lair:1   | Entered Level 1 of the Lair of Beasts
 10835 | Lair:1   | Reached XP level 11. HP: 78/81 MP: 18/22
 10863 | Lair:1   | You fall into a shaft and drop 1 floor!
 11098 | Lair:1   | Reached skill level 5 in Conjurations
 11098 | Lair:1   | Reached skill level 5 in Hexes
 11098 | Lair:1   | Reached skill level 5 in Summonings
 11098 | Lair:1   | Reached skill level 5 in Necromancy
 11098 | Lair:1   | Reached skill level 5 in Translocations
 11098 | Lair:1   | Reached skill level 5 in Transmutations
 11098 | Lair:1   | Reached skill level 5 in Fire Magic
 11098 | Lair:1   | Reached skill level 5 in Air Magic
 11098 | Lair:1   | Reached skill level 5 in Earth Magic
 11098 | Lair:1   | Reached skill level 5 in Poison Magic
 11158 | Lair:1   | Reached **** piety under Cheibriados
 12000 | Lair:1   | Noticed a six-headed hydra
 12007 | Lair:1   | Killed a six-headed hydra
 12648 | Lair:2   | Found a transporter.
 12671 | Lair:2   | Noticed a four-headed hydra
 12730 | Lair:2   | Found a transporter.
 12777 | Lair:2   | Reached XP level 12. HP: 66/89 MP: 21/24
 12953 | Lair:2   | Reached ***** piety under Cheibriados
 13293 | Lair:2   | Killed a four-headed hydra
 13701 | Lair:2   | Found a staircase to the Shoals.
 14003 | Lair:2   | Noticed a four-headed hydra
 14013 | Lair:2   | Killed a four-headed hydra
 14790 | Lair:3   | Found a broken altar of Ashenzari.
 14941 | Lair:3   | Reached XP level 13. HP: 98/98 MP: 26/26
 15811 | Lair:4   | Found a staircase to the Snake Pit.
 15841 | Lair:4   | Reached ****** piety under Cheibriados
 15918 | Lair:4   | Reached skill level 10 in Ice Magic
 16046 | Lair:4   | Learned a level 2 spell: Wereblood
 16051 | Lair:4   | Learned a level 4 spell: Anguish
 16855 | Lair:5   | Reached skill level 10 in Spellcasting
 17381 | Lair:5   | Found a viscous altar of Jiyva.
 17381 | Lair:5   | Found a staircase to the Slime Pits.
 17584 | Lair:6   | Entered Level 6 of the Lair of Beasts
 17593 | Lair:6   | Reached skill level 10 in Dodging
 17594 | Lair:6   | Reached XP level 14. HP: 104/106 MP: 21/28
 17614 | Lair:6   | Reached skill level 10 in Stealth
 17857 | Lair:6   | Reached skill level 10 in Invocations
 17863 | Lair:6   | Paralysed by a hornet for 1 turns
 18356 | Lair:6   | Acquired a book of the Moon
 19088 | D:10     | Entered Level 10 of the Dungeon
 20361 | D:10     | Found Dibiss's Weapon Shoppe.
 20503 | D:10     | Found a hide-covered altar of Uskayaw.
 21689 | D:12     | Noticed Lodul
 21700 | D:12     | Reached XP level 15. HP: 95/115 MP: 25/29
 21703 | D:12     | Killed Lodul
 22106 | D:12     | Learned a level 6 spell: Dispersal
 22261 | D:13     | Noticed Nessos
 22261 | D:13     | Noticed Rupert
 22261 | D:13     | Found a gate to the Vaults.
 22357 | D:13     | Reached skill level 10 in Fighting
 22357 | D:13     | Reached skill level 10 in Short Blades
 22357 | D:13     | Reached skill level 10 in Long Blades
 22357 | D:13     | Reached skill level 10 in Axes
 22357 | D:13     | Reached skill level 10 in Maces & Flails
 22357 | D:13     | Reached skill level 10 in Polearms
 22357 | D:13     | Reached skill level 10 in Staves
 22357 | D:13     | Reached skill level 10 in Slings
 22357 | D:13     | Reached skill level 10 in Bows
 22357 | D:13     | Reached skill level 10 in Crossbows
 22357 | D:13     | Reached skill level 10 in Throwing
 22357 | D:13     | Reached skill level 10 in Armour
 22357 | D:13     | Reached skill level 10 in Shields
 22357 | D:13     | Reached skill level 10 in Unarmed Combat
 22357 | D:13     | Reached skill level 10 in Evocations
 22418 | D:13     | Found Jyetowo's Armour Shop.
 22440 | D:13     | Shot with an arrow by Nessos

Illustrated notes

Levels and vault maps discovered:
D:1:      kennysheep_arrival_seaside, layout_loops_corners, serial_shops, shop,
          serial_park_tiny_2, amcnicky_mini_corridor_feature
D:2:      layout_rooms, st_stairs_4
D:3:      layout_rooms, nicolae_overflow_ecumenical_swirl,
          ebering_ecumenical_altar_hall
D:4:      layout_cave_pools, lightli_ossuary_entry_decrepit_ruins
D:5:      layout_basic, chequers_serial_rivers_marsh, minivault_24,
          kennysheep_small_square, uniq_ijyb
D:6:      layout_loops_ring, minmay_temple_entry_offerings, centaur_isle
D:7:      layout_cave_pools
D:8:      layout_basic, serial_shops, nicolae_square_shop, bh_walls_and_bars
D:9:      layout_long_grid, grunt_lair_entry_orc_guard_hut,
          minmay_orc_entry_temple_small
D:10:     layout_roguey, nicolae_uskayaw_suspiria, serial_shops,
          nicolae_shop_statue_plus
D:11:     layout_roguey, special_room [special_room_orc]
D:12:     layout_rooms, serial_curves, eino_curves_01, eino_curves_02,
          uniq_lodul
D:13:     layout_gridville, david_vaults_3, serial_shops, shop_statue
Temple:   mainiacjoe_temple_cubbyholes
Lair:1:   layout_gridlike, st_stairs_9, patterned_corridor, grunt_megastairs_4
Lair:2:   gammafunk_cloud_chamber, layout_gridlike,
          minmay_shoals_entry_lonely_mermaid
Lair:3:   layout_chaotic_city, basic_altar, beast_lair_carwin_2,
          infiniplex_staircase_pool_2
Lair:4:   layout_cave_pods, guppyfry_snake_entry_garden
Lair:5:   layout_regular_city, slime_altar_1, cheibrodos_lair_lostbears
Lair:6:   gammafunk_lair_ancient_temple, layout_misc_corridors,
          grunt_forest_large_clearings, lemuel_fruit_tree

Skill      XL: |  1  2  3  4  5  6  7  8  9 10 11 12 13 14 15 |
---------------+----------------------------------------------+-----
Spellcasting   | 5 6 7 8 9 10 11 | 11.1
Invocations    | 1 2 3 4 5 6 7 8 9 10 | 10.8
Fighting       | 1 2 3 4 5 6 7 8 9 10 | 10.0
Short Blades   | 1 2 3 4 5 6 7 8 9 10 | 10.0
Long Blades    | 1 2 3 4 5 6 7 8 9 10 | 10.0
Axes           | 1 2 3 4 5 6 7 8 9 10 | 10.0
Maces & Flails | 1 2 3 4 5 6 7 8 9 10 | 10.0
Polearms       | 1 2 3 4 5 6 7 8 9 10 | 10.0
Staves         | 1 2 3 4 5 6 7 8 9 10 | 10.0
Slings         | 1 2 3 4 5 6 7 8 9 10 | 10.0
Bows           | 1 2 3 4 5 6 7 8 9 10 | 10.0
Crossbows      | 1 2 3 4 5 6 7 8 9 10 | 10.0
Throwing       | 1 2 3 4 5 6 7 8 9 10 | 10.0
Armour         | 1 2 3 4 5 6 7 8 9 10 | 10.0
Shields        | 1 2 3 4 5 6 7 8 9 10 | 10.0
Unarmed Combat | 1 2 3 4 5 6 7 8 9 10 | 10.0
Evocations     | 1 2 3 4 5 6 7 8 9 10 | 10.0
Conjurations   | 1 2 3 4 5 6 7 8 |  8.3
Hexes          | 1 2 3 4 5 6 7 8 |  8.3
Summonings     | 1 2 3 4 5 6 7 8 |  8.3
Necromancy     | 1 2 3 4 5 6 7 8 |  8.3
Translocations | 1 2 3 4 5 6 7 8 |  8.3
Transmutations | 1 2 3 4 5 6 7 8 |  8.3
Fire Magic     | 1 2 3 4 5 6 7 8 |  8.3
Air Magic      | 1 2 3 4 5 6 7 8 |  8.3
Earth Magic    | 1 2 3 4 5 6 7 8 |  8.3
Poison Magic   | 1 2 3 4 5 6 7 8 |  8.3
Dodging        | 5 6 7 8 9 10 11 | 11.0
Stealth        | 5 6 7 8 9 10 | 10.8
Ice Magic      | 8 9 10 11 | 11.0

Action                   |  1- 3 |  4- 6 |  7- 9 | 10-12 | 13-15 || total
-------------------------+-------+-------+-------+-------+-------++-------
Melee: Dagger            |    24 |    12 |       |   105 |    60 ||   201
       Bite              |     4 |     5 |    23 |    43 |    70 ||   145
       Punch             |     1 |     2 |     6 |    21 |    27 ||    57
       Long sword        |       |    90 |    78 |     9 |    13 ||   190
       Whip              |       |       |    87 |   129 |     6 ||   222
       Broad axe         |       |       |     1 |    77 |   343 ||   421
       Staff             |       |       |       |       |     5 ||     5
Throw: Javelin           |       |       |       |     4 |    11 ||    15
 Cast: Freeze            |    53 |    22 |       |       |       ||    75
       Frozen Ramparts   |       |     2 |    12 |    27 |    17 ||    58
       Ozocubu's Armour  |       |       |     4 |     6 |     7 ||    17
       Hailstorm         |       |       |     4 |    11 |     5 ||    20
       Confusing Touch   |       |       |       |     8 |     4 ||    12
       Anguish           |       |       |       |       |    13 ||    13
       Wereblood         |       |       |       |       |     1 ||     1
Invok: Bend Time         |       |       |       |     1 |     3 ||     4
       Temporal Distorti |       |       |       |       |     1 ||     1
Evoke: Wand              |       |       |     7 |    12 |     7 ||    26
  Use: Scroll            |       |     5 |    15 |     4 |     7 ||    31
       Potion            |       |       |     1 |     2 |     4 ||     7
 Stab: Sleeping          |     1 |     3 |     3 |    10 |    20 ||    37
       Distracted        |       |     1 |       |       |     2 ||     3
       Confused          |       |       |       |     7 |     4 ||    11
       Paralysed         |       |       |       |       |     1 ||     1
Armor: Robe              |     6 |    18 |    34 |       |       ||    58
       Steam dragon scal |       |       |       |    42 |   106 ||   148
Dodge: Dodged            |    37 |    78 |   196 |   353 |   751 ||  1415

Table legend: (Time is in decaauts)
 A = Elapsed time spent in this place.
 B = Non-inter-level travel time spent in this place.
 C = Inter-level travel time spent in this place.
 D = Time resting spent in this place.
 E = Time spent auto-exploring this place.
 F = Levels seen in this place.
 G = Mean time per level.
                   A        B        C        D        E       F      G
               +--------+--------+--------+--------+--------+-----+--------+
         Total |  29823 |  28448 |   1375 |   6476 |  15143 |  21 | 1420.1 |
       Dungeon |  17087 |  16393 |    694 |   4029 |   8633 |  13 | 1314.4 |
        Temple |    216 |    118 |     98 |      0 |    110 |   1 |  216.0 |
          Lair |  12267 |  11684 |    583 |   2447 |   6400 |   6 | 2044.5 |
       Ossuary |    252 |    252 |      0 |      0 |      0 |   1 |  252.0 |
               +--------+--------+--------+--------+--------+-----+--------+

Top non-repeatable levels by time:
  Lair:2: 3171 daAuts
     D:9: 2407 daAuts
     D:6: 2353 daAuts
  Lair:4: 2245 daAuts
     D:8: 2224 daAuts
  Lair:1: 1934 daAuts
     D:1: 1819 daAuts
  Lair:6: 1772 daAuts
    D:11: 1689 daAuts
  Lair:5: 1619 daAuts
  Lair:3: 1524 daAuts
     D:5: 1293 daAuts
    D:12: 1041 daAuts
    D:10: 1035 daAuts
     D:4: 1022 daAuts
